Hurricanes vs Wild

Created - November 11 2007 at 18:18

Goals
1 2 3 T
Hurricanes 0 1 1 2
Wild 1 2 2 5
Shots
1 2 3 T
Hurricanes 5 4 10 19
Wild 15 11 11 37

Period #1

1. Wild , Olli Jokinen 13 (Marian Gaborik, Michal Rozsival) at 15:08

Penalties :
Eric Staal (CAR) for Hooking (Minor) at 0:21, Mathieu Schneider (MIN) for Interference (Minor) at 6:44

Period #2

2. Wild , Martin Straka 9 (Mathieu Schneider, Joe Sakic) at 6:42
3. Wild , Rod Brind'Amour 8 (Martin Straka) at 10:51 (SH)
4. Hurricanes , Mikko Koivu 8 (Joe Corvo, Ray Whitney) at 14:25 (PP)

Penalties :
Olli Jokinen (MIN) for Tripping (Minor) at 1:11, Mike Grier (MIN) for Hooking (Minor) at 3:30, Duncan Keith (MIN) for Hooking (Minor) at 8:57, Sean Hill (MIN) for Hooking (Minor) at 12:37, Aaron Ward (CAR) for Hooking (Minor) at 18:05

Period #3

5. Wild , Sean Hill 1 (Joe Sakic, Brian Rolston) at 0:55
6. Hurricanes , Ray Whitney 8 (Sergei Gonchar, Erik Cole) at 6:10 (PP)
7. Wild , Olli Jokinen 14 (Marian Gaborik) at 10:30

Penalties :
Sean Hill (MIN) for Interference (Minor) at 4:29, Eric Staal (CAR) for Holding (Minor) at 17:08, Aaron Miller (CAR) for Roughing (Minor) at 17:17

Goalie Stats

Cristobal Huet (CAR), 32 saves from 37 shots - (0.865), L, 6-4-0, 60:00 minutes
Manny Legace (MIN), 17 saves from 19 shots - (0.895), W, 16-4-0, 60:00 minutes

Players Stats

Hurricanes
Player Name              G  A  P  +/- PIM S  H  SB FO MP 
-----------------------------------------------------------
Aaron Miller             0  0  0  -3  2   0  0  2  0  19 
Aaron Ward               0  0  0  -3  2   0  0  5  0  21 
Brendan Morrison         0  0  0  -2  0   3  0  1  18 19 
Brent Sopel              0  0  0   0  0   0  1  0  0  18 
Cory Stillman            0  0  0  -3  0   4  0  1  2  18 
Eric Belanger            0  0  0  -1  0   0  0  0  14 11 
Eric Staal               0  0  0  -1  4   4  0  0  23 16 
Erik Cole                0  1  1  -1  0   0  0  2  0  17 
Jed Ortmeyer             0  0  0  -3  0   1  0  0  0  17 
Joe Corvo                0  1  1  -1  0   0  0  1  0  20 
Kevin Bieksa             0  0  0  -2  0   0  0  1  0  22 
Ladislav Nagy            0  0  0  -2  0   1  0  0  1  17 
Mikko Koivu              1  0  1  -1  0   3  0  1  24 21 
Pavol Demitra            0  0  0  -1  0   0  0  0  1  17 
Ray Whitney              1  1  2   0  0   2  0  0  1  17 
Sergei Gonchar           0  1  1  -1  0   0  3  1  0  22 
Shawn Bates              0  0  0   0  0   1  1  0  0  9  
Tom Kostopoulos          0  0  0   0  0   0  0  0  0  8  
Wild
Player Name              G  A  P  +/- PIM S  H  SB FO MP 
-----------------------------------------------------------
Brian Rolston            0  1  1   2  0   3  1  0  1  22 
Chris Higgins            0  0  0   2  0   1  0  0  1  17 
Duncan Keith             0  0  0   2  2   1  1  2  0  17 
Filip Kuba               0  0  0   0  0   0  0  0  0  9  
Joe Sakic                0  2  2   2  0   8  0  0  23 18 
Keith Carney             0  0  0   0  0   0  0  1  0  3  
Kim Johnsson             0  0  0   0  0   0  0  0  0  17 
Marian Gaborik           0  2  2   2  0   4  0  0  3  20 
Martin Straka            1  1  2   3  0   5  0  0  2  23 
Mathieu Schneider        0  1  1   3  2   0  0  0  0  21 
Michal Rozsival          0  1  1   3  0   0  1  1  0  22 
Mikael Samuelsson        0  0  0   0  0   0  0  0  1  17 
Mike Grier               0  0  0   0  2   0  0  0  0  17 
Niclas Havelid           0  0  0   0  0   1  0  2  0  17 
Olli Jokinen             2  0  2   2  2   8  2  0  29 22 
Rod Brind'Amour          1  0  1   1  0   5  1  0  24 21 
Sean Hill                1  0  1   2  4   1  1  0  0  22 
Wes Walz                 0  0  0   0  0   0  0  0  0  0  

3 Stars

1 - Olli Jokinen (MIN)
2 - Martin Straka (MIN)
3 - Sean Hill (MIN)

Power Play

Hurricanes - 2 on 6 Attempt(s) - 33.33%
Wild - 0 on 4 Attempt(s) - 0.00%

Penalty Kill

Hurricanes - 4 on 4 Attempt(s) - 100.00% - Score 0 goal in Penalty Kill
Wild - 4 on 6 Attempt(s) - 66.67% - Score 1 goal in Penalty Kill

Game Notes

No Game Note

Finance

Level 1 -- Attendance: 3931 (65.52%) -- Ticket Income $393,100.00
Level 2 -- Attendance: 3700 (73.99%) -- Ticket Income $222,000.00
Level 3 -- Attendance: 1581 (76.62%) -- Ticket Income $55,335.00
Level 4 -- Attendance: 3385 (84.63%) -- Ticket Income $67,700.00
Luxury Box -- Attendance: 857 (85.72%) -- Ticket Income $171,400.00
Game was played at the Xcel Energy Center
Total Attendance: 13454 (74.48%)
Total Ticket Income: $942,136.10
Other Income: $175,694.10
Total Income: $1,117,830.00


Play by Play

Period #1

0:01 of 1st period - Joe Sakic wins face-off versus Eric Staal in neutral zone.
0:05 of 1st period - Joe Sakic is hit by Sergei Gonchar and loses puck.
0:21 of 1st period - Minor Penalty to Eric Staal for Hooking.
0:22 of 1st period - Olli Jokinen wins face-off versus Eric Belanger in Hurricanes zone.
0:23 of 1st period - Shot by Marian Gaborik.
0:23 of 1st period - Shot Blocked by Aaron Miller.
0:27 of 1st period - Shot by Olli Jokinen.
0:27 of 1st period - Shot Misses the Net.
0:31 of 1st period - Shot by Marian Gaborik.
0:31 of 1st period - Stopped by Cristobal Huet without a rebound.
0:32 of 1st period - Joe Sakic wins face-off versus Mikko Koivu in Hurricanes zone.
0:41 of 1st period - Shot by Joe Sakic.
0:41 of 1st period - Stopped by Cristobal Huet without a rebound.
0:42 of 1st period - Olli Jokinen wins face-off versus Eric Belanger in Hurricanes zone.
1:08 of 1st period - Shot by Olli Jokinen.
1:08 of 1st period - Deflect By Martin Straka.
1:08 of 1st period - Shot Blocked by Aaron Miller.
1:15 of 1st period - Icing by Michal Rozsival.
1:16 of 1st period - Olli Jokinen wins face-off versus Mikko Koivu in Wild zone.
2:07 of 1st period - Shot by Joe Sakic.
2:07 of 1st period - Shot Blocked by Sergei Gonchar.
2:09 of 1st period - Shot by Filip Kuba.
2:09 of 1st period - Shot Misses the Net.
3:04 of 1st period - Shot by Rod Brind'Amour.
3:04 of 1st period - Stopped by Cristobal Huet with a rebound.
4:13 of 1st period - Shot by Brian Rolston.
4:13 of 1st period - Shot Misses the Net.
4:17 of 1st period - Shot by Martin Straka.
4:17 of 1st period - Shot Blocked by Aaron Ward.
4:33 of 1st period - Shot by Martin Straka.
4:33 of 1st period - Stopped by Cristobal Huet with a rebound.
4:37 of 1st period - Shot by Joe Sakic.
4:37 of 1st period - Stopped by Cristobal Huet with a rebound.
4:44 of 1st period - Icing by Aaron Ward.
4:45 of 1st period - Brendan Morrison wins face-off versus Rod Brind'Amour in Hurricanes zone.
5:16 of 1st period - Shot by Rod Brind'Amour.
5:16 of 1st period - Shot Misses the Net.
5:20 of 1st period - Shot by Mikael Samuelsson.
5:20 of 1st period - Shot Blocked by Erik Cole.
5:24 of 1st period - Shot by Niclas Havelid.
5:24 of 1st period - Stopped by Cristobal Huet without a rebound.
5:25 of 1st period - Olli Jokinen wins face-off versus Eric Staal in Hurricanes zone.
5:25 of 1st period - Marian Gaborik is hit by Sergei Gonchar and loses puck.
6:02 of 1st period - Shot by Ray Whitney.
6:02 of 1st period - Shot Blocked by Duncan Keith.
6:19 of 1st period - Icing by Aaron Ward.
6:20 of 1st period - Joe Sakic wins face-off versus Brendan Morrison in Hurricanes zone.
6:44 of 1st period - Minor Penalty to Mathieu Schneider for Interference.
6:45 of 1st period - Rod Brind'Amour wins face-off versus Mikko Koivu in neutral zone.
7:09 of 1st period - Ray Whitney is hit by Michal Rozsival and loses puck.
7:25 of 1st period - Icing by Sergei Gonchar.
7:26 of 1st period - Olli Jokinen wins face-off versus Mikko Koivu in Hurricanes zone.
7:57 of 1st period - Shot by Eric Staal.
7:57 of 1st period - Shot Misses the Net.
8:13 of 1st period - Shot by Eric Staal.
8:13 of 1st period - Stopped by Manny Legace with a rebound.
8:15 of 1st period - Shot by Pavol Demitra.
8:15 of 1st period - Shot Misses the Net.
8:17 of 1st period - Shot by Eric Staal.
8:17 of 1st period - Shot Misses the Net.
8:26 of 1st period - Icing by Brent Sopel.
8:27 of 1st period - Olli Jokinen wins face-off versus Eric Staal in Hurricanes zone.
8:51 of 1st period - Icing by Niclas Havelid.
8:52 of 1st period - Brendan Morrison wins face-off versus Rod Brind'Amour in Wild zone.
8:53 of 1st period - Shot by Cory Stillman.
8:53 of 1st period - Shot Blocked by Niclas Havelid.
9:17 of 1st period - Shot by Brendan Morrison.
9:17 of 1st period - Shot Misses the Net.
9:26 of 1st period - Off-side.
9:27 of 1st period - Mikko Koivu wins face-off versus Joe Sakic in neutral zone.
9:31 of 1st period - Off-side.
9:32 of 1st period - Marian Gaborik wins face-off versus Eric Belanger in neutral zone.
10:23 of 1st period - Shot by Joe Sakic.
10:23 of 1st period - Shot Misses the Net.
10:43 of 1st period - Shot by Joe Sakic.
10:43 of 1st period - Stopped by Cristobal Huet with a rebound.
11:26 of 1st period - Icing by Niclas Havelid.
11:27 of 1st period - Mikko Koivu wins face-off versus Rod Brind'Amour in Wild zone.
11:50 of 1st period - Shot by Mikael Samuelsson.
11:50 of 1st period - Shot Misses the Net.
12:17 of 1st period - Icing by Kim Johnsson.
12:18 of 1st period - Rod Brind'Amour wins face-off versus Eric Staal in Wild zone.
13:08 of 1st period - Shot by Chris Higgins.
13:08 of 1st period - Shot Misses the Net.
13:43 of 1st period - Icing by Joe Sakic.
13:44 of 1st period - Joe Sakic wins face-off versus Mikko Koivu in Wild zone.
14:14 of 1st period - Off-side.
14:15 of 1st period - Rod Brind'Amour wins face-off versus Cory Stillman in neutral zone.
14:42 of 1st period - Shot by Mikael Samuelsson.
14:42 of 1st period - Shot Blocked by Aaron Ward.
15:00 of 1st period - Shot by Olli Jokinen.
15:00 of 1st period - Stopped by Cristobal Huet with a rebound.
15:04 of 1st period - Shot by Chris Higgins.
15:04 of 1st period - Stopped by Cristobal Huet with a rebound.
15:08 of 1st period - Shot by Marian Gaborik.
15:08 of 1st period - Deflect By Olli Jokinen.
15:08 of 1st period - Goal by Olli Jokinen - Hurricanes : 0 - Wild : 1.
15:09 of 1st period - Olli Jokinen wins face-off versus Mikko Koivu in neutral zone.
15:32 of 1st period - Shot by Ladislav Nagy.
15:32 of 1st period - Shot Blocked by Keith Carney.
15:34 of 1st period - Shot by Joe Corvo.
15:34 of 1st period - Deflect By Mikko Koivu.
15:34 of 1st period - Stopped by Manny Legace without a rebound.
15:35 of 1st period - Joe Sakic wins face-off versus Eric Staal in Wild zone.
15:44 of 1st period - Shot by Joe Sakic.
15:44 of 1st period - Stopped by Cristobal Huet without a rebound.
15:45 of 1st period - Eric Belanger wins face-off versus Rod Brind'Amour in Hurricanes zone.
16:28 of 1st period - Shot by Olli Jokinen.
16:28 of 1st period - Stopped by Cristobal Huet without a rebound.
16:29 of 1st period - Cory Stillman wins face-off versus Joe Sakic in Hurricanes zone.
16:36 of 1st period - Shot by Brendan Morrison.
16:36 of 1st period - Stopped by Manny Legace with a rebound.
16:40 of 1st period - Shot by Brendan Morrison.
16:40 of 1st period - Shot Misses the Net.
16:44 of 1st period - Shot by Cory Stillman.
16:44 of 1st period - Deflect By Brendan Morrison.
16:44 of 1st period - Stopped by Manny Legace with a rebound.
16:48 of 1st period - Shot by Cory Stillman.
16:48 of 1st period - Stopped by Manny Legace without a rebound.
16:49 of 1st period - Olli Jokinen wins face-off versus Mikko Koivu in Wild zone.
17:09 of 1st period - Ladislav Nagy is hit by Duncan Keith and loses puck.
17:40 of 1st period - Icing by Eric Staal.
17:41 of 1st period - Eric Staal wins face-off versus Rod Brind'Amour in Hurricanes zone.
18:22 of 1st period - Shot by Rod Brind'Amour.
18:22 of 1st period - Stopped by Cristobal Huet without a rebound.
18:23 of 1st period - Joe Sakic wins face-off versus Brendan Morrison in Hurricanes zone.
18:35 of 1st period - Off-side.
18:36 of 1st period - Mikko Koivu wins face-off versus Joe Sakic in neutral zone.
18:38 of 1st period - Ladislav Nagy is hit by Brian Rolston and loses puck.
18:55 of 1st period - Shot by Brian Rolston.
18:55 of 1st period - Shot Misses the Net.
18:57 of 1st period - Shot by Brian Rolston.
18:57 of 1st period - Stopped by Cristobal Huet without a rebound.
18:58 of 1st period - Brendan Morrison wins face-off versus Marian Gaborik in Hurricanes zone.
19:02 of 1st period - Cory Stillman is hit by Olli Jokinen and loses puck.
19:39 of 1st period - Shot by Olli Jokinen.
19:39 of 1st period - Shot Blocked by Aaron Ward.
19:53 of 1st period - Shot by Rod Brind'Amour.
19:53 of 1st period - Deflect By Mikael Samuelsson.
19:53 of 1st period - Shot Misses the Net.
19:57 of 1st period - Shot by Rod Brind'Amour.
19:57 of 1st period - Stopped by Cristobal Huet without a rebound.
19:58 of 1st period - Joe Sakic wins face-off versus Eric Staal in Hurricanes zone.

Period #2

0:01 of 2nd period - Joe Sakic wins face-off versus Ray Whitney in neutral zone.
0:12 of 2nd period - Shot by Brian Rolston.
0:12 of 2nd period - Shot Misses the Net.
0:40 of 2nd period - Shot by Eric Staal.
0:40 of 2nd period - Stopped by Manny Legace with a rebound.
0:44 of 2nd period - Shot by Ray Whitney.
0:44 of 2nd period - Shot Misses the Net.
1:10 of 2nd period - Shot by Erik Cole.
1:10 of 2nd period - Shot Misses the Net.
1:11 of 2nd period - Minor Penalty to Olli Jokinen for Tripping.
1:12 of 2nd period - Martin Straka wins face-off versus Mikko Koivu in Wild zone.
3:09 of 2nd period - Icing by Sergei Gonchar.
3:10 of 2nd period - Rod Brind'Amour wins face-off versus Eric Staal in Hurricanes zone.
3:30 of 2nd period - Minor Penalty to Mike Grier for Hooking.
3:31 of 2nd period - Eric Staal wins face-off versus Olli Jokinen in Hurricanes zone.
5:17 of 2nd period - Icing by Joe Corvo.
5:18 of 2nd period - Olli Jokinen wins face-off versus Eric Staal in Hurricanes zone.
6:00 of 2nd period - Shot by Cory Stillman.
6:00 of 2nd period - Stopped by Manny Legace without a rebound.
6:01 of 2nd period - Olli Jokinen wins face-off versus Eric Belanger in Wild zone.
6:20 of 2nd period - Shot by Marian Gaborik.
6:20 of 2nd period - Shot Blocked by Kevin Bieksa.
6:24 of 2nd period - Shot by Olli Jokinen.
6:24 of 2nd period - Stopped by Cristobal Huet without a rebound.
6:25 of 2nd period - Joe Sakic wins face-off versus Brendan Morrison in Hurricanes zone.
6:28 of 2nd period - Shot by Joe Sakic.
6:28 of 2nd period - Stopped by Cristobal Huet with a rebound.
6:32 of 2nd period - Shot by Martin Straka.
6:32 of 2nd period - Stopped by Cristobal Huet with a rebound.
6:34 of 2nd period - Shot by Brian Rolston.
6:34 of 2nd period - Shot Blocked by Brendan Morrison.
6:38 of 2nd period - Shot by Martin Straka.
6:38 of 2nd period - Deflect By Joe Sakic.
6:38 of 2nd period - Stopped by Cristobal Huet with a rebound.
6:42 of 2nd period - Shot by Martin Straka.
6:42 of 2nd period - Goal by Martin Straka - Hurricanes : 0 - Wild : 2.
6:43 of 2nd period - Eric Staal wins face-off versus Mikael Samuelsson in neutral zone.
7:05 of 2nd period - Rod Brind'Amour is hit by Brent Sopel and loses puck.
7:49 of 2nd period - Icing by Joe Sakic.
7:50 of 2nd period - Joe Sakic wins face-off versus Brendan Morrison in Wild zone.
8:04 of 2nd period - Shot by Martin Straka.
8:04 of 2nd period - Stopped by Cristobal Huet with a rebound.
8:57 of 2nd period - Minor Penalty to Duncan Keith for Hooking.
8:58 of 2nd period - Olli Jokinen wins face-off versus Eric Staal in neutral zone.
10:06 of 2nd period - Off-side.
10:07 of 2nd period - Mikko Koivu wins face-off versus Olli Jokinen in neutral zone.
10:36 of 2nd period - Shot by Mikko Koivu.
10:36 of 2nd period - Deflect By Ray Whitney.
10:36 of 2nd period - Shot Misses the Net.
10:47 of 2nd period - Icing by Sergei Gonchar.
10:48 of 2nd period - Rod Brind'Amour wins face-off versus Eric Staal in Hurricanes zone.
10:51 of 2nd period - Shot by Rod Brind'Amour.
10:51 of 2nd period - Goal by Rod Brind'Amour - Hurricanes : 0 - Wild : 3.
10:52 of 2nd period - Ladislav Nagy wins face-off versus Rod Brind'Amour in neutral zone.
10:59 of 2nd period - Shot by Cory Stillman.
10:59 of 2nd period - Stopped by Manny Legace without a rebound.
11:00 of 2nd period - Brendan Morrison wins face-off versus Rod Brind'Amour in Wild zone.
11:37 of 2nd period - Shot by Brendan Morrison.
11:37 of 2nd period - Shot Blocked by Niclas Havelid.
12:04 of 2nd period - Marian Gaborik is hit by Shawn Bates and loses puck.
12:09 of 2nd period - Shot by Olli Jokinen.
12:09 of 2nd period - Shot Hit the Post.
12:11 of 2nd period - Shot by Michal Rozsival.
12:11 of 2nd period - Deflect By Olli Jokinen.
12:11 of 2nd period - Stopped by Cristobal Huet without a rebound.
12:12 of 2nd period - Mikko Koivu wins face-off versus Joe Sakic in Hurricanes zone.
12:18 of 2nd period - Erik Cole is hit by Sean Hill and loses puck.
12:28 of 2nd period - Icing by Joe Sakic.
12:29 of 2nd period - Joe Sakic wins face-off versus Eric Staal in Wild zone.
12:37 of 2nd period - Minor Penalty to Sean Hill for Hooking.
12:38 of 2nd period - Rod Brind'Amour wins face-off versus Mikko Koivu in Wild zone.
13:12 of 2nd period - Off-side.
13:13 of 2nd period - Olli Jokinen wins face-off versus Eric Staal in neutral zone.
14:25 of 2nd period - Shot by Mikko Koivu.
14:25 of 2nd period - Goal by Mikko Koivu - Hurricanes : 1 - Wild : 3.
14:26 of 2nd period - Rod Brind'Amour wins face-off versus Brendan Morrison in neutral zone.
14:57 of 2nd period - Shot by Cory Stillman.
14:57 of 2nd period - Shot Misses the Net.
16:16 of 2nd period - Icing by Sean Hill.
16:17 of 2nd period - Olli Jokinen wins face-off versus Mikko Koivu in Wild zone.
16:54 of 2nd period - Shot by Joe Sakic.
16:54 of 2nd period - Shot Misses the Net.
16:58 of 2nd period - Shot by Brian Rolston.
16:58 of 2nd period - Stopped by Cristobal Huet with a rebound.
17:00 of 2nd period - Shot by Michal Rozsival.
17:00 of 2nd period - Deflect By Joe Sakic.
17:00 of 2nd period - Shot Misses the Net.
17:02 of 2nd period - Shot by Mathieu Schneider.
17:02 of 2nd period - Shot Misses the Net.
17:12 of 2nd period - Shot by Joe Sakic.
17:12 of 2nd period - Shot Misses the Net.
17:14 of 2nd period - Shot by Joe Sakic.
17:14 of 2nd period - Stopped by Cristobal Huet with a rebound.
17:44 of 2nd period - Shot by Marian Gaborik.
17:44 of 2nd period - Stopped by Cristobal Huet without a rebound.
17:45 of 2nd period - Rod Brind'Amour wins face-off versus Brendan Morrison in Hurricanes zone.
17:54 of 2nd period - Shot by Rod Brind'Amour.
17:54 of 2nd period - Shot Misses the Net.
17:56 of 2nd period - Shot by Mikael Samuelsson.
17:56 of 2nd period - Shot Misses the Net.
18:00 of 2nd period - Shot by Mike Grier.
18:00 of 2nd period - Shot Misses the Net.
18:05 of 2nd period - Minor Penalty to Aaron Ward for Hooking.
18:06 of 2nd period - Joe Sakic wins face-off versus Eric Belanger in neutral zone.

Period #3

0:01 of 3rd period - Olli Jokinen wins face-off versus Eric Belanger in neutral zone.
0:23 of 3rd period - Icing by Joe Corvo.
0:24 of 3rd period - Joe Sakic wins face-off versus Mikko Koivu in Hurricanes zone.
0:53 of 3rd period - Shot by Joe Sakic.
0:53 of 3rd period - Shot Blocked by Joe Corvo.
0:55 of 3rd period - Shot by Sean Hill.
0:55 of 3rd period - Goal by Sean Hill - Hurricanes : 1 - Wild : 4.
0:56 of 3rd period - Olli Jokinen wins face-off versus Eric Staal in neutral zone.
1:14 of 3rd period - Shot by Marian Gaborik.
1:14 of 3rd period - Deflect By Chris Higgins.
1:14 of 3rd period - Shot Misses the Net.
1:16 of 3rd period - Shot by Duncan Keith.
1:16 of 3rd period - Stopped by Cristobal Huet without a rebound.
1:17 of 3rd period - Rod Brind'Amour wins face-off versus Brendan Morrison in Hurricanes zone.
1:30 of 3rd period - Shot by Niclas Havelid.
1:30 of 3rd period - Shot Blocked by Cory Stillman.
1:46 of 3rd period - Shot by Cory Stillman.
1:46 of 3rd period - Stopped by Manny Legace without a rebound.
1:47 of 3rd period - Joe Sakic wins face-off versus Eric Staal in Wild zone.
2:29 of 3rd period - Off-side.
2:30 of 3rd period - Mikko Koivu wins face-off versus Olli Jokinen in neutral zone.
2:36 of 3rd period - Icing by Duncan Keith.
2:37 of 3rd period - Brendan Morrison wins face-off versus Olli Jokinen in Wild zone.
2:37 of 3rd period - Cory Stillman is hit by Olli Jokinen and loses puck.
3:12 of 3rd period - Shot by Brendan Morrison.
3:12 of 3rd period - Stopped by Manny Legace with a rebound.
4:29 of 3rd period - Minor Penalty to Sean Hill for Interference.
4:30 of 3rd period - Brian Rolston wins face-off versus Mikko Koivu in Hurricanes zone.
5:53 of 3rd period - Off-side.
5:54 of 3rd period - Rod Brind'Amour wins face-off versus Mikko Koivu in neutral zone.
6:04 of 3rd period - Shot by Ray Whitney.
6:04 of 3rd period - Shot Misses the Net.
6:08 of 3rd period - Shot by Erik Cole.
6:08 of 3rd period - Shot Hit the Post.
6:10 of 3rd period - Shot by Sergei Gonchar.
6:10 of 3rd period - Deflect By Ray Whitney.
6:10 of 3rd period - Goal by Ray Whitney - Hurricanes : 2 - Wild : 4.
6:11 of 3rd period - Eric Belanger wins face-off versus Olli Jokinen in neutral zone.
6:36 of 3rd period - Shot by Olli Jokinen.
6:36 of 3rd period - Shot Misses the Net.
7:03 of 3rd period - Icing by Shawn Bates.
7:04 of 3rd period - Eric Belanger wins face-off versus Rod Brind'Amour in Hurricanes zone.
7:18 of 3rd period - Icing by Kim Johnsson.
7:19 of 3rd period - Rod Brind'Amour wins face-off versus Brendan Morrison in Wild zone.
7:42 of 3rd period - Shot by Brendan Morrison.
7:42 of 3rd period - Shot Misses the Net.
8:03 of 3rd period - Shot by Martin Straka.
8:03 of 3rd period - Shot Misses the Net.
8:07 of 3rd period - Shot by Joe Sakic.
8:07 of 3rd period - Shot Misses the Net.
8:11 of 3rd period - Shot by Joe Sakic.
8:11 of 3rd period - Shot Blocked by Aaron Ward.
8:50 of 3rd period - Shot by Marian Gaborik.
8:50 of 3rd period - Stopped by Cristobal Huet without a rebound.
8:51 of 3rd period - Pavol Demitra wins face-off versus Olli Jokinen in Hurricanes zone.
9:02 of 3rd period - Shot by Eric Staal.
9:02 of 3rd period - Stopped by Manny Legace without a rebound.
9:03 of 3rd period - Eric Belanger wins face-off versus Chris Higgins in Wild zone.
9:11 of 3rd period - Icing by Chris Higgins.
9:12 of 3rd period - Mikko Koivu wins face-off versus Marian Gaborik in Wild zone.
9:19 of 3rd period - Shot by Olli Jokinen.
9:19 of 3rd period - Stopped by Cristobal Huet without a rebound.
9:20 of 3rd period - Rod Brind'Amour wins face-off versus Eric Staal in Hurricanes zone.
9:20 of 3rd period - Mikael Samuelsson is hit by Sergei Gonchar and loses puck.
9:27 of 3rd period - Shot by Rod Brind'Amour.
9:27 of 3rd period - Stopped by Cristobal Huet without a rebound.
9:28 of 3rd period - Rod Brind'Amour wins face-off versus Mikko Koivu in Hurricanes zone.
9:41 of 3rd period - Shot by Rod Brind'Amour.
9:41 of 3rd period - Shot Misses the Net.
9:45 of 3rd period - Shot by Mike Grier.
9:45 of 3rd period - Shot Misses the Net.
9:49 of 3rd period - Shot by Mikael Samuelsson.
9:49 of 3rd period - Shot Hit the Post.
10:26 of 3rd period - Off-side.
10:27 of 3rd period - Olli Jokinen wins face-off versus Brendan Morrison in neutral zone.
10:30 of 3rd period - Shot by Marian Gaborik.
10:30 of 3rd period - Deflect By Olli Jokinen.
10:30 of 3rd period - Goal by Olli Jokinen - Hurricanes : 2 - Wild : 5.
10:31 of 3rd period - Eric Staal wins face-off versus Olli Jokinen in neutral zone.
10:36 of 3rd period - Shot by Ray Whitney.
10:36 of 3rd period - Shot Misses the Net.
10:40 of 3rd period - Shot by Eric Staal.
10:40 of 3rd period - Shot Misses the Net.
10:42 of 3rd period - Shot by Ray Whitney.
10:42 of 3rd period - Stopped by Manny Legace without a rebound.
10:43 of 3rd period - Brendan Morrison wins face-off versus Martin Straka in Wild zone.
10:56 of 3rd period - Shot by Martin Straka.
10:56 of 3rd period - Stopped by Cristobal Huet without a rebound.
10:57 of 3rd period - Eric Staal wins face-off versus Olli Jokinen in Hurricanes zone.
11:10 of 3rd period - Shot by Olli Jokinen.
11:10 of 3rd period - Stopped by Cristobal Huet without a rebound.
11:11 of 3rd period - Brendan Morrison wins face-off versus Joe Sakic in Hurricanes zone.
11:22 of 3rd period - Shot by Jed Ortmeyer.
11:22 of 3rd period - Stopped by Manny Legace without a rebound.
11:23 of 3rd period - Eric Staal wins face-off versus Olli Jokinen in Wild zone.
11:33 of 3rd period - Icing by Michal Rozsival.
11:34 of 3rd period - Mikko Koivu wins face-off versus Olli Jokinen in Wild zone.
11:37 of 3rd period - Shot by Erik Cole.
11:37 of 3rd period - Shot Misses the Net.
11:47 of 3rd period - Shot by Erik Cole.
11:47 of 3rd period - Shot Blocked by Michal Rozsival.
11:57 of 3rd period - Shot by Olli Jokinen.
11:57 of 3rd period - Shot Blocked by Erik Cole.
11:59 of 3rd period - Shot by Duncan Keith.
11:59 of 3rd period - Shot Blocked by Mikko Koivu.
13:18 of 3rd period - Icing by Brendan Morrison.
13:19 of 3rd period - Brendan Morrison wins face-off versus Rod Brind'Amour in Hurricanes zone.
13:29 of 3rd period - Off-side.
13:30 of 3rd period - Eric Staal wins face-off versus Olli Jokinen in neutral zone.
14:11 of 3rd period - Shot by Eric Staal.
14:11 of 3rd period - Shot Blocked by Duncan Keith.
14:13 of 3rd period - Shot by Sergei Gonchar.
14:13 of 3rd period - Deflect By Eric Staal.
14:13 of 3rd period - Stopped by Manny Legace without a rebound.
14:14 of 3rd period - Rod Brind'Amour wins face-off versus Mikko Koivu in Wild zone.
14:21 of 3rd period - Shot by Ladislav Nagy.
14:21 of 3rd period - Shot Misses the Net.
14:28 of 3rd period - Off-side.
14:29 of 3rd period - Joe Sakic wins face-off versus Eric Belanger in neutral zone.
14:50 of 3rd period - Shot by Brian Rolston.
14:50 of 3rd period - Stopped by Cristobal Huet with a rebound.
14:54 of 3rd period - Shot by Joe Sakic.
14:54 of 3rd period - Stopped by Cristobal Huet with a rebound.
15:40 of 3rd period - Cory Stillman is hit by Rod Brind'Amour and loses puck.
15:58 of 3rd period - Icing by Brendan Morrison.
15:59 of 3rd period - Brendan Morrison wins face-off versus Olli Jokinen in Hurricanes zone.
16:19 of 3rd period - Shot by Erik Cole.
16:19 of 3rd period - Shot Misses the Net.
16:21 of 3rd period - Shot by Erik Cole.
16:21 of 3rd period - Shot Misses the Net.
16:23 of 3rd period - Shot by Kevin Bieksa.
16:23 of 3rd period - Shot Misses the Net.
16:25 of 3rd period - Shot by Kevin Bieksa.
16:25 of 3rd period - Shot Misses the Net.
16:29 of 3rd period - Shot by Ladislav Nagy.
16:29 of 3rd period - Stopped by Manny Legace with a rebound.
16:31 of 3rd period - Shot by Joe Corvo.
16:31 of 3rd period - Deflect By Mikko Koivu.
16:31 of 3rd period - Stopped by Manny Legace without a rebound.
16:32 of 3rd period - Rod Brind'Amour wins face-off versus Eric Staal in Wild zone.
16:57 of 3rd period - Shot by Mikael Samuelsson.
16:57 of 3rd period - Shot Misses the Net.
17:08 of 3rd period - Minor Penalty to Eric Staal for Holding.
17:09 of 3rd period - Eric Belanger wins face-off versus Joe Sakic in Hurricanes zone.
17:17 of 3rd period - Minor Penalty to Aaron Miller for Roughing.
17:18 of 3rd period - Olli Jokinen wins face-off versus Eric Belanger in neutral zone.
17:51 of 3rd period - Shot by Martin Straka.
17:51 of 3rd period - Shot Blocked by Aaron Ward.
17:55 of 3rd period - Shot by Marian Gaborik.
17:55 of 3rd period - Stopped by Cristobal Huet without a rebound.
17:56 of 3rd period - Mikko Koivu wins face-off versus Joe Sakic in Hurricanes zone.
19:13 of 3rd period - Shot by Shawn Bates.
19:13 of 3rd period - Stopped by Manny Legace without a rebound.
19:14 of 3rd period - Joe Sakic wins face-off versus Eric Belanger in Wild zone.


Output by the SimonT Hockey Simulator (STHS) for Stephane Roy -- Original Page W3C XHTML 1.0 Valid